 Dungeon Crawl Stone Soup version 0.31-a0-221-gbddc013574 (webtiles) character file.

Game seed: 10568521267878195361

6 qw the Vexing (level 1, -2/12 HPs)
             Began as a Gargoyle Hexslinger on July 4, 2023.
             Slain by a hobgoblin (3 damage)
             ... on level 1 of the Dungeon.
             The game lasted 00:00:02 (78 turns).

qw the Vexing (Gargoyle Hexslinger)                   Turns: 78, Time: 00:00:03

Health: -2/12      AC:  4    Str: 11    XL:     1   Next: 90%
Magic:  2/2        EV: 12    Int: 13    God:
Gold:   0          SH:  0    Dex: 12    Spells: 1/2 levels left

rFire   . . .        a - +1 sling
rCold   . . .        (no shield)
rNeg    + . .        c - +0 robe
rPois   inf          (no helmet)
rElec   +            (no cloak)
rCorr   .            (no gloves)
SInv    .            (no boots)
Will    .....        (no amulet)
Stlth   +            (no ring)
HPRegen 0.22/turn    (no ring)
MPRegen 0.08/turn

%: no passive effects
@: no status effects
A: sickness immunity, AC +2, negative energy resistance 1, electricity
resistance, torment resistance 1, petrification resistance
a: no special abilities


You were on level 1 of the Dungeon.
You visited 1 branch of the dungeon, and saw 1 of its levels.


Innate Abilities, Weirdness & Mutations

You are immune to sickness and miasma.
Your stone body is resilient. (AC +2)
You are immune to poison.
You resist negative energy. (rN+)
You are resistant to electric shocks. (rElec)
You are resistant to unholy torment.
You are immune to petrification.


   Skills:
 - Level 1.1 Fighting
 + Level 2.6 Ranged Weapons
 - Level 1.5 Dodging
 - Level 1.0 Spellcasting
 - Level 2.6 Hexes


You had one spell level left.
You knew the following spells:

 Your Spells              Type           Power      Damage    Failure   Level
a - Slow                  Hex            28%        N/A       10%         1

Your spell library contained the following spells:

 Spells                   Type           Power      Damage    Failure   Level
 Inner Flame              Hex/Fire       4%         N/A       43%         3
 Portal Projectile        Hex/Tloc       8%         N/A       43%         3
 Cause Fear               Hex            3%         N/A       67%         4

Inventory:

Hand Weapons
 a - a +1 sling (weapon)
Armour
 c - a +0 robe (worn)
Scrolls
 b - a scroll of poison
 d - a scroll of teleportation {unknown}

Dungeon Overview and Level Annotations

Branches:
Dungeon (1/15)

Altars:


Message History

The quokka is almost dead.
The giant cockroach completely misses you.
The hobgoblin hits you but does no damage.
The giant cockroach completely misses you.
You shoot a sling bullet. The sling bullet hits the hobgoblin.
The hobgoblin is lightly wounded.
The hobgoblin closely misses you. The giant cockroach barely misses you.
The hobgoblin closely misses you.
You shoot a sling bullet.
The sling bullet barely misses the quokka.
The quokka closely misses you. The giant cockroach closely misses you.
The quokka misses you. The giant cockroach closely misses you.
The hobgoblin closely misses you.
You shoot a sling bullet. The sling bullet hits the quokka!
You kill the quokka!
The giant cockroach misses you. The hobgoblin closely misses you.
The giant cockroach misses you.
You shoot a sling bullet. The sling bullet hits the hobgoblin.
You kill the hobgoblin!
The hobgoblin hits you. The giant cockroach closely misses you.
You shoot a sling bullet.
The sling bullet closely misses the hobgoblin.
The endoplasm freezes you.
You are frozen.
The hobgoblin barely misses you.
The giant cockroach completely misses you.
The endoplasm barely misses you. The hobgoblin hits you.
You shoot a sling bullet. The sling bullet hits the hobgoblin.
The hobgoblin is almost dead.
The giant cockroach bites you. The giant cockroach barely misses you.
The endoplasm hits you but does no damage.
The hobgoblin completely misses you.
You shoot a sling bullet.
The sling bullet barely misses the hobgoblin.
The giant cockroach bites you but does no damage.
The endoplasm misses you.
The hobgoblin hits you but does no damage.
You shoot a sling bullet.
The sling bullet closely misses the hobgoblin.
The giant cockroach misses you. The endoplasm hits you. The hobgoblin hits you.
You die...

##.# . .
#..# #.
#.##
###.#####
#.#
........#
#.#
........#
#)#
........#
#.#
......BJ#
#)#
.>.....@#
#.#
......g.#
#.#
#########
#....#
......#
.......#
........#
##########


You could see an endoplasm, a giant cockroach and a hobgoblin.

Vanquished Creatures
  2 hobgoblins (D:1)
  A quokka (D:1)
  A frilled lizard (D:1)
  2 kobolds (D:1)
6 creatures vanquished.

Notes
Turn   | Place    | Note
-------+----------+-------------------------------------------
     0 | D:1      | qw the Gargoyle Hexslinger began the quest for the Orb.
     0 | D:1      | Reached XP level 1. HP: 12/12 MP: 2/2
     0 | D:1      | 0 ||| qw: Version: 0.3-a-41-g9d075ac
     0 | D:1      | 0 ||| qw: Game counter: 756
     0 | D:1      | 0 ||| qw: Melee chars always use a shield: true
     0 | D:1      | 0 ||| qw: God list: Okawaru
     0 | D:1      | 0 ||| qw: Allow faded altars: false
     0 | D:1      | 0 ||| qw: Do Orc after clearing Dungeon:15 true
     0 | D:1      | 0 ||| qw: Do second Lair branch before Depths: true
     0 | D:1      | 0 ||| qw: Lair rune preference: random
     0 | D:1      | 0 ||| qw: Goals: Normal
     0 | D:1      | 0 ||| PLANNING D:1-11
     3 | D:1      | Noticed an electric eel
     4 | D:1      | Noticed an electric eel
    76 | D:1      | HP: 2/12 [giant cockroach (2)]
    78 | D:1      | Slain by a hobgoblin

Levels and vault maps discovered:
D:1:      arrival_aquarium_b, layout_rooms,
          nicolae_concentric_dashed_squares_mild

Action                     || total
---------------------------++-------
   Fire: Sling             ||    17
 Armour: Robe              ||     4
  Dodge: Dodged            ||    21

Table legend:
 A = Non-vault XP
 B = Vault XP
 C = Vault XP percentage of total XP
 D = Non-vault monster count
 E = Vault monster count
 F = Vault count percentage of total count
                 A         B        C        D         E       F
            +---------+---------+-------+---------+---------+-------
      Total |       9 |       0 |   0.0 |       6 |       0 |   0.0
            +---------+---------+-------+---------+---------+-------
        D:1 |       9 |       0 |   0.0 |       6 |       0 |   0.0
            +---------+---------+-------+---------+---------+-------
